 Dungeon Crawl Stone Soup version 0.30.1-11-g7821555f0a (webtiles) character file.

Game seed: 16168121609536287585

36 RogueRain17 the Cutter (level 3, -1/29 HPs)
             Began as a Demonspawn Monk on Nov 8, 2023.
             Slain by a goblin
             ... wielding a +0 dagger
             ... led by Robin
              (6 damage)
             ... on level 2 of the Dungeon.
             The game lasted 00:01:47 (871 turns).

RogueRain17 the Cutter (Demonspawn Monk)             Turns: 871, Time: 00:01:48

Health: -1/29      AC:  2    Str: 11    XL:     3   Next: 19%
Magic:  3/3        EV: 13    Int: 11    God:
Gold:   123        SH:  0    Dex: 19    Spells: 2/2 levels left

rFire   . . .        a - +0 short sword
rCold   . . .        d - orb {light}
rNeg    . . .        b - +0 robe
rPois   .            (helmet restricted)
rElec   .            (no cloak)
rCorr   .            (no gloves)
SInv    .            (no boots)
Will    .....        (no amulet)
Stlth   +            (no ring)
HPRegen 0.24/turn    (no ring)
MPRegen 0.08/turn

%: no passive effects
@: glowing
A: antennae 1, thin skeletal structure 1
a: no special abilities


You were on level 2 of the Dungeon.
You visited 1 branch of the dungeon, and saw 2 of its levels.

You collected 123 gold pieces.

Inventory:

Hand Weapons
 a - a +0 short sword (weapon)
Armour
 b - a +0 robe (worn)
 d - an orb of light (worn)
Scrolls
 i - a scroll of poison {unknown}
 k - a scroll of vulnerability {unknown}
 l - a scroll of immolation {unknown}
 m - a scroll of magic mapping {unknown}
 n - a scroll of identify {unknown}
 o - a scroll of brand weapon {unknown}
 q - a scroll of fear {unknown}
Potions
 c - a potion of ambrosia
 e - a potion of curing {unknown}
 f - a potion of flight {unknown}
 g - a potion of brilliance {unknown}
 h - 2 potions of degeneration {unknown}
 j - a potion of resistance {unknown}
 p - a potion of heal wounds {unknown}


   Skills:
 - Level 3.0 Fighting
 * Level 3.9 Short Blades
 - Level 2.6 Dodging
 + Level 0.1 Stealth


You had 2 spell levels left.
You didn't know any spells.
Your spell library was empty.

Dungeon Overview and Level Annotations

Branches:
Dungeon (2/15)

Altars:

Annotations:
D:2 Robin


Innate Abilities, Weirdness & Mutations

You have a pair of small antennae on your head.
You have a somewhat thin skeletal structure. (Dex +2, Stealth+)


Message History

Found a scale mail.
Found a stone staircase leading down.
A hobgoblin and a goblin come into view.
Found a stone staircase leading down.
There are monsters nearby!
The hobgoblin shouts!
The goblin shouts!
You hear a shout! x6
Robin of the Strong Arm comes into view.
They are wielding a +0 whip.
A goblin comes into view. It is wielding a +0 dagger.
A goblin comes into view. It is wielding a +0 club.
You hear a shout!
A hobgoblin and 3 goblins come into view.
A goblin is wielding a +0 dagger of venom.
The goblin shouts!
The hobgoblin shouts!
The goblin shouts! x2
You hear a shout!
A goblin comes into view. It is wielding a +0 dagger.
Robin throws the goblin at you!
The goblin moves out of view.
The hobgoblin moves out of view.
You hear an angry hiss.
The goblin hits you but does no damage. The goblin barely misses you.
Robin throws the goblin at you!
You hit the goblin.
The goblin is heavily wounded.
Robin roars a battlecry!
The goblins go into a battle-frenzy!
The goblin hits you with a +0 dagger. The goblin barely misses you.
The goblin hits you with a +0 dagger.
You hear a shout!
You closely miss the goblin.
The goblin is heavily wounded.
The hobgoblin hits you! The goblin closely misses you.
The goblin hits you with a +0 club. The goblin hits you with a +0 dagger.
* * * LOW HITPOINT WARNING * * *
Unknown command.
You hit the goblin.
You kill the goblin!
Robin throws the goblin at you!
* * * LOW HITPOINT WARNING * * *
The hobgoblin closely misses you. The goblin misses you.
The goblin hits you with a +0 dagger.
You die...

#..
#####.##.#...
#.g
###...##..... ..
####...#####....
##> #......#
#..(. #.g##
#......# ##..#
##...###......#
##.#
#..#..##......#
#..
#..gg#......#
##.
#.gg@#......# #.
#...g)..#####
##. #....##..#
#.. #........).#
#.#
###>...##..[.
...#
###..##.#...
##### #
###.....###.# #
###. ..#..#
####.# # .....
#.#..###... . #


You could see Robin, a hobgoblin (strong) and 4 goblins.

Vanquished Creatures
  A dart slug (D:1)
  3 endoplasms
  2 giant cockroaches
  6 goblins
  A hobgoblin (D:1)
  A quokka (D:1)
  5 ball pythons
  3 bats (D:1)
  4 frilled lizards
  2 kobolds
  5 rats
33 creatures vanquished.

Notes
Turn   | Place    | Note
-------+----------+-------------------------------------------
     0 | D:1      | RogueRain17 the Demonspawn Monk began the quest for the
                  | Orb.
     0 | D:1      | Reached XP level 1. HP: 18/18 MP: 1/1
   149 | D:1      | Found a faded altar of an unknown god.
   160 | D:1      | Gained mutation: You have a somewhat thin skeletal
                  | structure. (Dex +2, Stealth+) [demonic ancestry]
   160 | D:1      | Reached XP level 2. HP: 21/24 MP: 2/2
   677 | D:2      | Gained mutation: You have a pair of small antennae on your
                  | head. [demonic ancestry]
   677 | D:2      | Reached XP level 3. HP: 27/29 MP: 3/3
   864 | D:2      | Noticed Robin
   871 | D:2      | Slain by a goblin

Illustrated notes

Levels and vault maps discovered:
D:1:      lightli_molten_gateway, layout_rooms,
          nicolae_ecumenical_snake_handling, kennysheep_crisscross,
          minmay_gold_behind_fungi
D:2:      layout_rooms, uniq_robin, uniq_crazy_yiuf_cottage

Skill      XL: |  1 |
---------------+----+-----
Short Blades   | 3 |  3.9
Fighting       | |  3.0
Dodging        | |  2.6
Stealth        | |  0.1

Action                     || total
---------------------------++-------
  Melee: Short sword       ||    76
   Stab: Sleeping          ||     2
 Armour: Robe              ||    14
  Dodge: Dodged            ||    40
